 Dungeon Crawl Stone Soup version 0.29-a0-648-g6b26cc9f40 (webtiles) character file.

Game seed: 2423655699881809090

75 omnomnOMINOUS the Cudgeller (level 4, -2/31 HPs)
             Began as an Octopode Wanderer on June 20, 2022.
             Killed from afar by Sigmund (10 damage)
             ... with a puff of flame
             ... on level 3 of the Dungeon.
             The game lasted 00:03:33 (2301 turns).

omnomnOMINOUS the Cudgeller (Octopode Wanderer)     Turns: 2301, Time: 00:03:33

Health: -2/31      AC:  1    Str: 12    XL:     4   Next: 31%
Magic:  4/4        EV: 16    Int: 16    God:
Gold:   132        SH:  4    Dex: 10    Spells: 3/3 levels left

rFire   . . .      SeeInvis .   a - +2 mace
rCold   . . .      Faith    .   c - +0 buckler
rNeg    . . .      Spirit   .   (helmet restricted)
rPois   .          Reflect  .   (no amulet)
rElec   .          Harm     .   p - +4 ring of evasion
rCorr   .          Rampage  .   (no ring)
Will    .....                   (no ring)
Stlth   ++........              (no ring)
HPRegen 0.10/turn               (no ring)
MPRegen 0.09/turn               (no ring)
                                (no ring)
                                (no ring)

@: hasted, very quick
A: almost no armour, amphibious, 8 rings, camouflage 1, gelatinous body 1,
(nimble swimmer 1), tentacles
a: no special abilities


You were on level 3 of the Dungeon.
You visited 1 branch of the dungeon, and saw 3 of its levels.

You collected 132 gold pieces.

Inventory:

Hand Weapons
 a - a +2 mace (weapon)
 b - a +0 short sword
Missiles
 s - a throwing net (quivered)
Armour
 c - a +0 buckler (worn)
Magical Staves
 i - a staff of earth
Jewellery
 p - a +4 ring of evasion (left tentacle)
Scrolls
 e - a scroll of silence {unknown}
 g - a scroll of noise {unknown}
 j - 2 scrolls of fear {unknown}
 k - a scroll of immolation {unknown}
 l - a scroll of enchant armour {unknown}
 m - 4 scrolls of identify {unknown}
 v - 2 scrolls of enchant weapon {unknown}
Potions
 d - a potion of attraction
 f - a potion of haste
 h - a potion of lignification {unknown}
 n - a potion of brilliance {unknown}
 o - 2 potions of mutation {unknown}
 q - a potion of flight {unknown}
 t - a potion of degeneration {unknown}
 u - a potion of heal wounds {unknown}


   Skills:
 + Level 3.0 Fighting
 - Level 1.0 Short Blades
 - Level 3.0 Maces & Flails
 - Level 1.0 Throwing
 + Level 2.3 Dodging
 + Level 3.0 Shields


You had 3 spell levels left.
You didn't know any spells.
Your spell library contained the following spells:

 Spells                   Type           Power      Damage    Failure   Level
 Animate Dead             Necr           0%         N/A       97%         4
 Borgnjor's Vile Clutch   Necr/Erth      0%         N/A       100%        5
 Fireball                 Conj/Fire      0%         3d3       100%        5
 Death Channel            Necr           0%         N/A       100%        6
 Starburst                Conj/Fire      0%         6d3       100%        6
 Ignition                 Fire           0%         3d3       100%        8


Dungeon Overview and Level Annotations

Branches:
Dungeon (3/15)

Altars:

Shops:
D:1 ?

Annotations:
D:3 Sigmund


Innate Abilities, Weirdness & Mutations

You cannot wear most types of armour.
You are amphibious.
You can wear up to eight rings at the same time.
Your skin changes colour to match your surroundings (Stealth+).
Your rubbery body absorbs attacks. (AC +1, EV +1)
((You are camouflaged when in or above water. (Stealth+)))
You have tentacles for arms and can constrict up to eight enemies at once.


Message History

You hit Sigmund. Your grab misses Sigmund. Your squeeze misses Sigmund.
Sigmund is heavily wounded.
Sigmund barely misses you.
You hit Sigmund. You grab Sigmund.
Sigmund is heavily wounded.
You constrict Sigmund. Sigmund gestures at you while chanting.
You are confused.
You are too confused!
You are too confused!
You are too confused!
You are too confused!
You bump into the rock wall.
You constrict Sigmund.
You release your grip on Sigmund.
Sigmund hits you with a +0 scythe!
You bump into the rock wall.
Sigmund casts a spell at you.
You are more confused.
You closely miss Sigmund.
Sigmund is heavily wounded.
Sigmund misses you.
Sigmund mumbles some strange words.
Sigmund flickers and vanishes!
Deactivating autopickup; reactivate with Ctrl-A.
You bump into the rock wall.
You completely miss something. Something barely misses you.
You bump into the rock wall.
Something hits you.
You bump into the rock wall.
You bump into the rock wall.
You feel less confused.
You closely miss something. Something barely misses you.
You hit something but do no damage. Something hits you!
* * * LOW HITPOINT WARNING * * *
You hit something. Something barely misses you.
You closely miss something. You hit something but do no damage.
Something barely misses you.
It was a potion of haste.
You feel yourself speed up.
You hear some strange, mumbled words.
A puff of flame appears from out of thin air!
The puff of flame hits you!
You die...

...... ###......
......... ## ..#.....
##.# #.(...# ... #.....#
##.# ##{....#
#(.#########@.....#
###+##.........##.#..>...
.....#............# #.##.
..................# #
.....#.#######.##.#
.............#.##.#
####.#.#.....#.##.#
#.#.#.#.#.#.##.#
#.#.#.#...#.##.#


There were no monsters in sight!

Vanquished Creatures
  3 adders
  A worm (D:2)
  2 dart slugs
  3 ball pythons
  2 endoplasms (D:1)
  3 giant cockroaches
  3 goblins
  5 hobgoblins
  2 jackals (D:2)
  A quokka (D:2)
  5 bats
  A frilled lizard (D:2)
  A kobold (D:1)
  8 rats
40 creatures vanquished.

Notes
Turn   | Place    | Note
-------+----------+-------------------------------------------
     0 | D:1      | omnomnOMINOUS the Octopode Wanderer began the quest for the
                  | Orb.
     0 | D:1      | omnomnOMINOUS set off with the following items: a +2 mace,
                  | a +0 short sword, a +0 buckler, a potion of attraction.
     0 | D:1      | Reached XP level 1. HP: 14/14 MP: 1/1
    64 | D:1      | Found Wuusaeq's Magic Scroll Shoppe.
   400 | D:1      | Reached XP level 2. HP: 11/19 MP: 2/2
  1339 | D:2      | Reached XP level 3. HP: 25/25 MP: 3/3
  1861 | D:2      | Reached XP level 4. HP: 30/30 MP: 4/4
  2273 | D:3      | Noticed Sigmund
  2301 | D:3      | Killed from afar by Sigmund

Illustrated notes

Levels and vault maps discovered:
D:1:      lemuel_arrival_hallway, layout_basic, serial_shops,
          nicolae_shop_waterfront, minmay_pentomino_u4
D:2:      layout_basic
D:3:      layout_basic, shapermc_ecumenical_altar_ellora, uniq_sigmund

Skill      XL: |  1  2  3  4 |
---------------+-------------+-----
Dodging        | 2 |  2.3
Fighting       | 3 |  3.0
Shields        | 3 |  3.0
Short Blades   | |  1.0
Maces & Flails | |  3.0
Throwing       | |  1.0

Action                   |  1- 3 |  4- 6 || total
-------------------------+-------+-------++-------
Melee: Mace              |    60 |    21 ||    81
       Constrict         |    14 |     6 ||    20
       Tentacles         |     7 |     3 ||    10
       Punch             |     1 |       ||     1
Throw: Dart              |       |     2 ||     2
  Use: Potion            |       |     1 ||     1
 Stab: Sleeping          |     3 |       ||     3
Armor: Skin              |     3 |     2 ||     5
Dodge: Dodged            |    43 |    18 ||    61
Block: Buckler           |    11 |     5 ||    16

Table legend: (Time is in decaauts)
 A = Elapsed time spent in this place.
 B = Non-inter-level travel time spent in this place.
 C = Inter-level travel time spent in this place.
 D = Time resting spent in this place.
 E = Time spent auto-exploring this place.
 F = Levels seen in this place.
 G = Mean time per level.
                   A        B        C        D        E       F      G
               +--------+--------+--------+--------+--------+-----+--------+
         Total |   2324 |   2227 |     97 |     74 |   1808 |   3 |  774.7 |
       Dungeon |   2324 |   2227 |     97 |     74 |   1808 |   3 |  774.7 |
               +--------+--------+--------+--------+--------+-----+--------+

Top non-repeatable levels by time:
     D:1: 1263 daAuts
     D:2: 948 daAuts
     D:3: 112 daAuts
